 Dungeon Crawl Stone Soup version 0.29.0-4-gdea44cf6ec (webtiles) character file.

Game seed: 17829051163640782569

16 qw the Chopper (level 2, -1/17 HPs)
             Began as a Tengu Warper on Aug 29, 2022.
             Succumbed to their own poison gas
             ... on level 1 of the Dungeon.
             The game lasted 00:00:12 (610 turns).

qw the Chopper (Tengu Warper)                        Turns: 610, Time: 00:00:12

Health: -1/17      AC:  5    Str: 11    XL:     2   Next: 54%
Magic:  6/6        EV: 10    Int: 13    God:
Gold:   71         SH:  0    Dex: 13    Spells: 5/5 levels left

rFire   . . .      SeeInvis .   Y - +0 hand axe
rCold   . . .      Faith    .   (no shield)
rNeg    . . .      Spirit   .   f - +0 ring mail
rPois   .          Reflect  .   (helmet restricted)
rElec   .          Harm     .   (no cloak)
rCorr   .          Rampage  .   (no gloves)
Will    .....                   (boots unavailable)
Stlth   +.........              (no amulet)
HPRegen 0.05/turn               (no ring)
MPRegen 0.10/turn               (no ring)

@: lethally poisoned (-1 -> -8), weak-willed
A: beak, talons 3
a: no special abilities


You were on level 1 of the Dungeon.
You visited 1 branch of the dungeon, and saw 1 of its levels.

You collected 71 gold pieces.


Innate Abilities, Weirdness & Mutations

You have a beak for a mouth.
You have claws for feet.


   Skills:
 - Level 2.0 Fighting
 + Level 3.4 Axes
 - Level 1.0 Throwing
 - Level 1.1 Armour
 - Level 2.1 Dodging
 - Level 2.0 Spellcasting
 - Level 2.4 Translocations


You had 5 spell levels left.
You didn't know any spells.
Your spell library contained the following spells:

 Spells                   Type           Power      Damage    Failure   Level
 Blink                    Tloc           14%        N/A       34%         2
 Gell's Gravitas          Tloc           7%         N/A       56%         3
 Lesser Beckoning         Tloc           7%         N/A       56%         3
 Teleport Other           Tloc           7%         N/A       56%         3
 Manifold Assault         Tloc           7%         N/A       99%         5

Inventory:

Hand Weapons
 j - a +0 flail
 Y - a +0 hand axe (weapon)
Armour
 f - a +0 ring mail (worn)
Potions
 d - a potion of invisibility {unknown}
 k - a potion of heal wounds {unknown}

Dungeon Overview and Level Annotations

Branches:
Dungeon (1/15)

Altars:


Message History

Done exploring.
601 ||| READING scroll labelled GEM BIRHAEWIRPH.
As you read the scroll labelled GEM BIRHAEWIRPH, it crumbles to dust.
The air around you briefly surges with heat, but it dissipates.
It was a scroll of immolation.
Done exploring.
602 ||| READING scroll labelled NELONGU FOGO.
As you read the scroll labelled NELONGU FOGO, it crumbles to dust.
It is a scroll of identify.
Really abort (and waste the scroll)?
Done exploring.
603 ||| READING 2 scrolls labelled HUZERA MIFUH.
The air fills with toxic fumes!
As you read the scroll labelled HUZERA MIFUH, it crumbles to dust.
It was a scroll of poison.
Done exploring.
604 ||| DROPPING scroll of blinking.
You drop a scroll of blinking.
Done exploring.
605 ||| DROPPING scroll of poison.
You drop a scroll of poison.
Done exploring.
(D) Dungeon
Where to? (* - list waypoints, ? - help)
What level of the Dungeon? (default 1, ? - help) Sorry, I don't know how to get there.
Done exploring.
606 ||| Stepping randomly (stuck).
Really walk into that cloud of poison gas?
You are engulfed in poison gas.
You are lethally poisoned!
You feel very sick.
607 ||| Stepping ~*~*~tactically~*~*~ (cloud).
You feel very sick.
Things that are here:
a scroll of poison; a scroll of blinking; a +0 leather armour
There is a lethal amount of poison in your body!
You feel sick.
There is a lethal amount of poison in your body!
You feel sick.
There is a lethal amount of poison in your body!
You die...

#.# #....# ##.....###....###
####.####....####..###)..#.#.##
..................## #...#.#.#
####.####.....##### #.....#.#
####.#######.#########0..###.#
...................¤0¤¤..# #.#
.###.#######.#####0¤¤0...###.#
..##.# #¤###000###...#...#
#.#### #¤¤¤¤@### #..>#.###
#.##########¤##### ###.#.#
..........##>##### #.#.#
..........###...)# #...#
#####.##..###....# #####..####
.......#..##.....# #.........#
..........##.#...###.........#
.......#..##......##.........#
...<..)#..##.......#.........#


There were no monsters in sight!

Vanquished Creatures
  A dart slug (D:1)
  2 endoplasms (D:1)
  A goblin (D:1)
  A hobgoblin (D:1)
  2 jackals (D:1)
  A quokka (D:1)
  A bat (D:1)
  A frilled lizard (D:1)
  3 rats (D:1)
13 creatures vanquished.

Notes
Turn   | Place    | Note
-------+----------+-------------------------------------------
     0 | D:1      | qw the Tengu Warper began the quest for the Orb.
     0 | D:1      | Reached XP level 1. HP: 12/12 MP: 4/4
     0 | D:1      | 0 ||| qw: Version: 0.1-a-89-g26bdef1
     0 | D:1      | 0 ||| qw: Game counter: 3449
     0 | D:1      | 0 ||| qw: Always use a shield: true
     0 | D:1      | 0 ||| qw: God list: Okawaru
     0 | D:1      | 0 ||| qw: Allow faded altars: false
     0 | D:1      | 0 ||| qw: Do Orc after D:15 true
     0 | D:1      | 0 ||| qw: Do second Lair branch before Depths: true
     0 | D:1      | 0 ||| qw: Lair rune preference: random
     0 | D:1      | 0 ||| qw: Plans: Normal
     0 | D:1      | 0 ||| PLANNING D:1-11
    56 | D:1      | 56 ||| Stepping ~*~*~tactically~*~*~ (hiding).
   149 | D:1      | Reached XP level 2. HP: 15/17 MP: 6/6
   153 | D:1      | Reached skill level 3 in Axes
   588 | D:1      | 588 ||| UPGRADING to +0 ring mail.
   598 | D:1      | 598 ||| DROPPING +0 leather armour.
   599 | D:1      | 599 ||| READING scroll labelled ZUBLAVIACU.
   600 | D:1      | 600 ||| READING scroll labelled BEITUC UPPIH.
   601 | D:1      | 601 ||| READING scroll labelled GEM BIRHAEWIRPH.
   602 | D:1      | 602 ||| READING scroll labelled NELONGU FOGO.
   603 | D:1      | 603 ||| READING 2 scrolls labelled HUZERA MIFUH.
   604 | D:1      | 604 ||| DROPPING scroll of blinking.
   605 | D:1      | 605 ||| DROPPING scroll of poison.
   606 | D:1      | 606 ||| Stepping randomly (stuck).
   607 | D:1      | 607 ||| Stepping ~*~*~tactically~*~*~ (cloud).
   608 | D:1      | HP: 3/17 [poisoned by you (poison gas)]
   609 | D:1      | HP: 1/17 [poisoned by you (poison gas)]
   610 | D:1      | Succumbed to their own poison gas

Levels and vault maps discovered:
D:1:      lemuel_arrival_room, layout_rooms, minmay_misc_feat_four_crosses,
          grunt_decor_resistance

Skill      XL: |  1  2 |
---------------+-------+-----
Axes           | 3 |  3.4
Fighting       | |  2.0
Throwing       | |  1.0
Armour         | |  1.1
Dodging        | |  2.1
Spellcasting   | |  2.0
Translocations | |  2.4

Action                   || total
-------------------------++-------
Melee: Hand axe          ||    25
       Kick              ||     5
       Peck              ||     3
       Punch             ||     1
Throw: Boomerang         ||     7
  Use: Scroll            ||     5
Armor: Leather armour    ||     6
Dodge: Dodged            ||     9

Table legend:
 A = Non-vault XP
 B = Vault XP
 C = Vault XP percentage of total XP
 D = Non-vault monster count
 E = Vault monster count
 F = Vault count percentage of total count
                 A         B        C        D         E       F
            +---------+---------+-------+---------+---------+-------
      Total |      23 |       0 |   0.0 |      13 |       0 |   0.0
            +---------+---------+-------+---------+---------+-------
        D:1 |      23 |       0 |   0.0 |      13 |       0 |   0.0
            +---------+---------+-------+---------+---------+-------
